 Dungeon Crawl Stone Soup version 0.31-a0-986-g5e6e4ef867 (webtiles) character file.

Game seed: 8178613935586657714

53433 Jeffwins the Mimic (level 14, -3/119 HPs)
             Began as a Green Draconian Shapeshifter on Nov 24, 2023.
             Was an Initiate of Gozag.
             Drowned by a quicksilver ooze (5 damage)
             ... in an ice cave.
             The game lasted 00:32:26 (21004 turns).

Jeffwins the Mimic (Green Draconian Shapeshifter)  Turns: 21004, Time: 00:32:27

Health: -3/119     AC:  9    Str: 21    XL:     14   Next: 30%
Magic:  0/14       EV: 14    Int: 18    God:    Gozag
Gold:   536        SH:  0    Dex: 10    Spells: 13/13 levels left

rFire   + .          .
                       - Unarmed
rCold   + + .        (shield currently unavailable)
rNeg    + . .        (body armour unavailable)
rPois   +            (helmet restricted)
rElec   .            (no cloak)
rCorr   .            (gloves currently unavailable)
SInv    .            D - +0 pair of boots
Will    +....        g - amulet of regeneration
Stlth   +++          F - ring "Tirchinui" {Wiz rF+ rC- Str+7}
HPRegen 1.19/turn    r - ring "Lacawed" {rPois rC+++ rN+ Str-4 Int+3}
MPRegen 0.14/turn

%: wizardry (x1)
@: blade hands, engulfed (cannot breathe)
A: breathe noxious fumes, AC +8, unfitting armour, stinger 1, poison resistance,
cold-blooded
a: Breathe Noxious Fumes, Begin Untransformation, Renounce Religion, Potion
Petition, Call Merchant, Bribe Branch


You were in an ice cave.
You worshipped Gozag.
Gozag was pleased with you.
You had blades for hands.
You visited 3 branches of the dungeon, and saw 18 of its levels.
You also visited: Ice Cave.

You collected 3928 gold pieces.
You spent 2536 gold pieces at shops.
You paid 856 gold pieces to Gozag.


Innate Abilities, Weirdness & Mutations

You have blades for hands.
You are incapable of wielding weapons or throwing items.
You can breathe blasts of noxious fumes.
Your lurid green scales are hard. (AC +8)
You cannot fit into any form of body armour.
Your tail ends in a venomous barb.
Your system is resistant to poisons. (rPois)
You are cold-blooded and may be slowed by cold attacks.


   Skills:
 + Level 9.9 Fighting
 + Level 8.5 Dodging
 - Level 5.0 Stealth
 + Level 6.7 Shields
 * Level 12.8 Unarmed Combat
 + Level 8.6 Evocations
 * Level 13.3 Shapeshifting


You had 13 spell levels left.
You didn't know any spells.
Your spell library contained the following spells:

 Spells                   Type           Power      Damage    Failure   Level
 Sandblast                Erth           0%         2d4       9%          1
 Passwall                 Tmut/Erth      0%         N/A       13%         2
 Stone Arrow              Conj/Erth      0%         3d7       26%         3
 Tukima's Dance           Hex            0%         N/A       26%         3
 Brom's Barrelling Bould  Conj/Erth      0%         2d3       61%         4
 Dimensional Bullseye     Hex/Tloc       0%         N/A       61%         4
 Iskenderun's Mystic Bla  Conj/Tloc      0%         2d3       61%         4

Inventory:

Hand Weapons
 K - the +6 broad axe of Resourcefulness {drain, rPois rF+ Will- Int+3}
   (You found it on level 11 of the Dungeon)

   Int+3:     It affects your intelligence (+3).
   rF+:       It protects you from fire.
   rPois:     It protects you from poison Will-: It decreases your willpower.
Missiles
 d - 9 poisoned darts
 V - a throwing net {=f}
Armour
 v - a +2 tower shield of cold resistance
 z - an orb of wrath
 C - a +2 buckler
 D - a +0 pair of boots (worn)
Jewellery
 g - an amulet of regeneration (around neck)
 o - a +4 ring of protection
 r - the ring "Lacawed" (right blade hand) {rPois rC+++ rN+ Str-4 Int+3}
   (You bought it in a shop on level 11 of the Dungeon)

   [ring of poison resistance]

   Str-4:     It affects your strength (-4).
   Int+3:     It affects your intelligence (+3).
   rC+++:     It renders you almost immune to cold.
   rPois:     It protects you from poison rN+: It protects you from negative
   energy.
 F - the ring "Tirchinui" (left blade hand) {Wiz rF+ rC- Str+7}
   (You found it on level 9 of the Dungeon)

   [ring of wizardry]

   Wiz:       It improves your spell success rate.
   Str+7:     It affects your strength (+7).
   rF+:       It protects you from fire.
   rC-:       It makes you vulnerable to cold.
 L - a ring of flight
 O - a +4 ring of protection
 S - a +6 ring of strength
 U - an amulet of magic regeneration
 W - the ring of Ascent {Str+6 Int+2 Dex+3}
   (You bought it in a shop on level 11 of the Dungeon)

   [ring of strength]

   Str+6:     It affects your strength (+6).
   Int+2:     It affects your intelligence (+2).
   Dex+3:     It affects your dexterity (+3).
 X - the macabre finger necklace {Finger+ rN+}
   (You found it on level 1 of the Lair of Beasts)

   [amulet of nothing]

   Finger+:   It enables you to equip an extra ring.
   rN+:       It protects you from negative energy.
Talismans
 b - a beast talisman
 c - a flux talisman
 T - a serpent talisman
 Z - a blade talisman (active)
Wands
 s - a wand of quicksilver (8)
 w - a wand of paralysis (6)
 J - a wand of polymorph (1)
Scrolls
 f - 2 scrolls of teleportation {@r4}
 i - 7 scrolls of amnesia
 k - 2 scrolls of noise {!r}
 n - 5 scrolls of poison
 q - a scroll of silence {!r}
 u - 5 scrolls of enchant armour {unknown}
 y - 2 scrolls of enchant weapon
 A - 3 scrolls of vulnerability {!r}
 I - a scroll of torment {!r}
 N - a scroll of fear
Potions
 a - 3 potions of lignification {!q}
 e - 13 potions of curing {@q1}
 h - 5 potions of attraction {!q}
 j - 2 potions of might {unknown}
 l - a potion of haste {unknown}
 m - 2 potions of mutation {unknown}
 p - 2 potions of enlightenment {unknown}
 t - a potion of magic {unknown}
 x - 2 potions of cancellation
 B - 7 potions of heal wounds {@q2}
 G - a potion of brilliance
 M - 2 potions of invisibility {unknown}
Miscellaneous
 E - a phantom mirror
 H - a box of beasts

Dungeon Overview and Level Annotations

Branches:
Dungeon (12/15)            Temple (1/1) D:7            Lair (5/5) D:8
 Shoals (0/4) Lair:3        Snake (0/4) Lair:3        Slime (0/5) Lair:5
    Orc (0/2) D:11          IceCv (1/1)

Altars:
Ashenzari
Cheibriados
Dithmenos
Elyvilon
Fedhas
Gozag
Hepliaklqana
Kikubaaqudgha
Makhleb
Nemelex Xobeh
Okawaru
Qazlal
Ru
Sif Muna
Trog
Uskayaw
Vehumet
Wu Jian
Xom
Yredelemnul
Zin
The Shining One

Shops:
D:3 *   D:7 (*   D:10 !   D:11 =

Annotations:
D:11 1 transporter, Sundig's ghost, journeyman VSFi

##.J..J..# ##........#######
###.....$.....######
##..Z§J..........###
###########.......###
########### ###.......#
###.........# ###....####
##...........### ###....###..
#......###..@..###....###....
#.....######.J.......##....#.
#....###.[.###....####....##.
##.....##.)..########....##..
##.....##.....##......###...
####...####.......####....#
##....####...###.....###
###.....#####.....###
####.........####


You could see a quicksilver ooze.


Message History

The quicksilver ooze hits you.
* * * LOW HITPOINT WARNING * * *
You closely miss the quicksilver ooze.
Your tail-slap misses the quicksilver ooze.
The quicksilver ooze is severely wounded.
* * * LOW HITPOINT WARNING * * *
Your lungs strain for air!
The quicksilver ooze closely misses you.
The quicksilver ooze hits you.
* * * LOW HITPOINT WARNING * * *
You hit the quicksilver ooze.
The quicksilver ooze is severely wounded.
* * * LOW HITPOINT WARNING * * *
Your lungs strain for air!
The quicksilver ooze closely misses you.
The quicksilver ooze hits you.
* * * LOW HITPOINT WARNING * * *
You barely miss the quicksilver ooze.
Your tail-slap misses the quicksilver ooze.
The quicksilver ooze is severely wounded.
* * * LOW HITPOINT WARNING * * *
Your lungs strain for air!
The quicksilver ooze hits you!!
* * * LOW HITPOINT WARNING * * *
The quicksilver ooze hits you!
* * * LOW HITPOINT WARNING * * *
You completely miss the quicksilver ooze.
The quicksilver ooze is severely wounded.
You die...
Your body crumbles into a pile of gold.

Skill      XL: |  1  2  3  4  5  6  7  8  9 10 11 12 13 |
---------------+----------------------------------------+-----
Shapeshifting  | 4 5 6 7 8 9 10 11 12 13 | 13.3
Dodging        | 2 3 4 5 6 7 8 |  8.5
Stealth        | 1 2 4 5 |  5.0
Fighting       | 3 4 6 7 8 9 |  9.9
Evocations     | 2 4 5 6 7 8 |  8.6
Unarmed Combat | 5 6 8 9 11 12 | 12.8
Shields        | 3 4 6 |  6.7

Action                     |  1- 3 |  4- 6 |  7- 9 | 10-12 | 13-15 || total
---------------------------+-------+-------+-------+-------+-------++-------
  Melee: Unarmed           |   116 |   242 |   339 |   611 |   563 ||  1871
         Tailslap          |    14 |    42 |    62 |   121 |    73 ||   312
         Constrict         |       |       |       |       |    40 ||    40
         Punch             |       |       |       |       |    22 ||    22
 Invoke: Call Merchant     |       |       |       |     1 |       ||     1
Ability: Breathe Noxious F |       |       |     2 |    20 |     3 ||    25
  Evoke: Wand              |       |       |       |     8 |       ||     8
         Box of beasts     |       |       |       |     2 |       ||     2
         Phantom mirror    |       |       |       |     2 |       ||     2
    Use: Scroll            |       |       |     7 |     3 |     7 ||    17
         Potion            |       |       |       |     3 |     2 ||     5
   Stab: Confused          |       |       |       |    18 |     2 ||    20
         Paralysed         |       |       |       |     4 |       ||     4
         Distracted        |       |       |       |     3 |       ||     3
 Armour: Skin              |    53 |   150 |   198 |   350 |   330 ||  1081
  Dodge: Dodged            |    69 |   106 |   188 |   303 |   247 ||   913
  Block: Other             |       |       |    68 |   128 |    39 ||   235
         Reflection        |       |       |       |     2 |       ||     2
   Form: Flux              |     1 |       |       |       |       ||     1
         Blade             |       |       |       |       |     1 ||     1
         Anaconda          |       |       |       |       |     1 ||     1

Levels and vault maps discovered:
D:1:      spicycebolla_green_bress_n_ham, layout_basic
D:2:      layout_loops_corners, st_stairs_12, uniq_terence
D:3:      layout_basic, chequers_temple_overflow_statue_of_worship,
          shapermc_ecumenical_altar_pompeii, serial_shops, shop
D:4:      layout_basic, gammafunk_temple_overflow_claw,
          mainiacjoe_overflow_24_doors, uniq_robin
D:5:      layout_basic, mainiacjoe_overflow_chevrons,
          mainiacjoe_overflow_tiny_flanked, uniq_grinder
D:6:      layout_layer_cave, nicolae_overflow_hidden_temple, uniq_duvessa
D:7:      layout_cave_pools, mainiacjoe_overflow_cross_hatched,
          minmay_temple_entry_crystal_x, serial_shops,
          nicolae_shop_bloodbath_and_beyond, minmay_shop_mass
D:8:      layout_rooms, jmf_multi_god_temple, hellmonk_lair_entry_icy,
          lightli_orcish_oven
D:9:      layout_small_grid, hangedman_decor_push, minmay_radiant, uniq_joseph
D:10:     layout_stronghold, serial_shops, shop
D:11:     layout_long_grid, david_orc_5, gammafunk_ghost_smash
D:12:     layout_rooms, gammafunk_ghost_nasty_kobolds, uniq_sonja
Temple:   chequers_temple_sunken
Lair:1:   layout_cave_shapes, serial_bayou_lagoon_a, nzn_sisyphean_effort,
          lemuel_fruit_fields
Lair:2:   layout_loops_ring, grunt_megastairs_1
Lair:3:   layout_chaotic_city, nicolae_shoals_entry_flooding,
          nicolae_snake_entry_squirm, infiniplex_staircase_pool,
          wad_woods_river_01, uniq_nessos
Lair:4:   minmay_guarded_unrand_snakebite, layout_cave_pods
Lair:5:   evilmike_catoblepas_cave, layout_long_grid, dpeg_slime_entry_enclosed,
          portal_ice_cave_demonic_guard
IceCv:    ice_cave_hellmonk_azure_passage

Notes
Turn   | Place    | Note
-------+----------+-------------------------------------------
     0 | D:1      | Jeffwins the Draconian Shapeshifter began the quest for the
                  | Orb.
     0 | D:1      | Reached XP level 1. HP: 16/16 MP: 1/1
   133 | D:1      | Reached XP level 2. HP: 17/23 MP: 2/2
   554 | D:1      | Reached skill level 4 in Shapeshifting
   753 | D:1      | Reached XP level 3. HP: 28/28 MP: 3/3
   894 | D:2      | Noticed Terence
   909 | D:2      | Killed Terence
  1146 | D:2      | Reached XP level 4. HP: 26/35 MP: 4/4
  1566 | D:2      | Reached skill level 5 in Shapeshifting
  2168 | D:3      | Reached XP level 5. HP: 17/40 MP: 5/5
  2420 | D:3      | Found Ducwiof's Assorted Antiques.
  2439 | D:3      | Found a basalt altar of Yredelemnul.
  2439 | D:3      | Found a shimmering altar of Xom.
  2541 | D:3      | Found a faded altar of an unknown god.
  2780 | D:4      | Reached skill level 6 in Shapeshifting
  2967 | D:4      | Noticed Robin
  2992 | D:4      | Killed Robin
  3008 | D:4      | Found a glowing golden altar of the Shining One.
  3018 | D:4      | Found a glowing silver altar of Zin.
  3018 | D:4      | Found a hazy altar of Hepliaklqana.
  3163 | D:4      | Noticed a phantom
  3181 | D:4      | Killed a phantom
  3182 | D:4      | Reached XP level 6. HP: 28/47 MP: 6/6
  3263 | D:4      | Found a blossoming altar of Fedhas.
  3647 | D:5      | Entered Level 5 of the Dungeon
  3690 | D:5      | Noticed Grinder
  3712 | D:5      | Paralysed by Grinder for 3 turns
  3718 | D:5      | Killed Grinder
  3719 | D:5      | Reached skill level 7 in Shapeshifting
  3719 | D:5      | Your scales start taking on a lurid green colour.
  3719 | D:5      | Reached XP level 7. HP: 33/52 MP: 7/7
  3719 | D:5      | Gained mutation: Your system is resistant to poisons.
                  | (rPois) [Green Draconian growth]
  3816 | D:5      | Found a stormy altar of Qazlal.
  3885 | D:5      | Reached skill level 8 in Shapeshifting
  4069 | D:5      | Reached skill level 2 in Dodging
  4181 | D:5      | Reached skill level 1 in Stealth
  4273 | D:5      | Reached XP level 8. HP: 61/61 MP: 8/8
  4428 | D:5      | Found a sparkling altar of Nemelex Xobeh.
  4680 | D:6      | Reached skill level 2 in Fighting
  4680 | D:6      | Reached skill level 1 in Evocations
  4772 | D:6      | Reached skill level 4 in Unarmed Combat
  5030 | D:6      | Reached skill level 2 in Stealth
  5133 | D:6      | Noticed Duvessa
  5133 | D:6      | Noticed Dowan
  5141 | D:6      | Killed Duvessa
  5142 | D:6      | Reached skill level 2 in Evocations
  5152 | D:6      | HP: 5/62 [Dowan/+0 dagger (6)]
  5153 | D:6      | Killed Dowan
  5154 | D:6      | Reached skill level 3 in Fighting
  5154 | D:6      | Reached skill level 3 in Dodging
  5471 | D:6      | Reached skill level 5 in Unarmed Combat
  5610 | D:6      | Reached XP level 9. HP: 50/70 MP: 9/9
  5758 | D:6      | Noticed a troll
  5767 | D:6      | Killed a troll
  6050 | D:6      | Found an opulent altar of Gozag.
  6338 | D:7      | Found a staircase to the Ecumenical Temple.
  6360 | Temple   | Entered the Ecumenical Temple
  6369 | Temple   | Reached skill level 3 in Stealth
  6369 | Temple   | Reached skill level 9 in Shapeshifting
  6398 | D:7      | Found Guegh's Mass Market.
  6474 | D:7      | Reached skill level 3 in Evocations
  6523 | D:7      | Reached skill level 4 in Fighting
  6660 | D:7      | Found Taoss's Weapon Shop.
  6695 | D:7      | Reached skill level 6 in Unarmed Combat
  6731 | D:7      | Found a burning altar of Makhleb.
  6978 | D:6      | Became a worshipper of Gozag Ym Sagoz the Greedy
  7200 | D:3      | Bought an amethyst potion for 25 gold pieces
  7200 | D:3      | Bought 2 green potions for 50 gold pieces
  7200 | D:3      | Bought 2 lumpy clear potions for 50 gold pieces
  7200 | D:3      | Bought a scroll labelled AVVIBO RAWOBB for 28 gold pieces
  7332 | D:8      | Reached skill level 4 in Dodging
  7462 | D:8      | Noticed a polar bear
  7465 | D:8      | Noticed a rime drake
  7475 | D:8      | Noticed a polar bear
  7573 | D:7      | Killed a polar bear
  7634 | D:8      | Reached skill level 4 in Stealth
  7641 | D:8      | Killed a polar bear
  7642 | D:8      | Reached skill level 4 in Evocations
  7642 | D:8      | Reached XP level 10. HP: 77/80 MP: 10/10
  7651 | D:8      | Reached skill level 5 in Fighting
  7651 | D:8      | Reached skill level 7 in Unarmed Combat
  7678 | D:8      | Found a staircase to the Lair.
  7798 | D:8      | Found a bloodstained altar of Trog.
  7844 | D:8      | Found a white marble altar of Elyvilon.
  7866 | D:8      | Noticed a two-headed ogre
  8185 | D:8      | Killed a two-headed ogre
  8470 | D:9      | Noticed a two-headed ogre
  8488 | D:9      | Killed a two-headed ogre
  8489 | D:9      | Reached skill level 5 in Dodging
  8724 | D:9      | Reached skill level 8 in Unarmed Combat
  8738 | D:9      | Noticed Joseph
  8749 | D:9      | Reached skill level 5 in Stealth
  8765 | D:9      | Killed Joseph
  8766 | D:9      | Reached skill level 6 in Fighting
  8766 | D:9      | Reached skill level 5 in Evocations
  8798 | D:9      | Noticed a tengu warrior
  8951 | D:9      | Killed a tengu warrior
  8952 | D:9      | Reached skill level 10 in Shapeshifting
  9269 | D:9      | Reached XP level 11. HP: 82/89 MP: 11/11
  9616 | D:9      | Reached skill level 1 in Shields
  9653 | D:9      | Identified the ring "Tirchinui" {Wiz rF+ rC- Str+7}
  9957 | D:10     | Entered Level 10 of the Dungeon
  9998 | D:10     | Found Jonerups's Distillery.
 10002 | D:10     | Bought a potion of degeneration for 11 gold pieces
 10002 | D:10     | Bought 2 potions of heal wounds for 110 gold pieces
 10002 | D:10     | Bought a potion of attraction for 33 gold pieces
 10002 | D:10     | Bought a potion of curing for 33 gold pieces
 10002 | D:10     | Bought a potion of cancellation for 88 gold pieces
 10002 | D:10     | Bought a potion of brilliance for 44 gold pieces
 10002 | D:10     | Bought a potion of curing for 33 gold pieces
 10002 | D:10     | Bought a potion of curing for 33 gold pieces
 10194 | D:10     | Noticed a two-headed ogre
 10203 | D:10     | Killed a two-headed ogre
 10704 | D:10     | Reached skill level 9 in Unarmed Combat
 10871 | D:10     | Reached skill level 2 in Shields
 11421 | D:11     | Noticed a two-headed ogre
 11448 | D:11     | Killed a two-headed ogre
 11456 | D:11     | Reached skill level 6 in Dodging
 11649 | D:11     | Noticed a two-headed ogre
 11661 | D:11     | Killed a two-headed ogre
 11662 | D:11     | Reached skill level 7 in Fighting
 11715 | D:11     | Identified the +6 broad axe of Resourcefulness {drain,
                  | rPois rF+ Will- Int+3}
 11718 | D:11     | Found a transporter.
 11721 | D:11     | Noticed Sundig's ghost (journeyman VSFi)
 11721 | D:11     | Identified the +4 dire flail of the Lumpy Ghosts {protect,
                  | rC- Str+4}
 11721 | D:11     | Identified the +1 dire flail of the Caustic God {antimagic,
                  | rPois rCorr}
 11721 | D:11     | Noticed a two-headed ogre
 11722 | D:11     | Noticed a two-headed ogre
 11722 | D:11     | Noticed a two-headed ogre
 11725 | D:11     | Found a transporter.
 11728 | D:11     | Noticed a two-headed ogre
 11733 | D:11     | Killed a two-headed ogre
 11734 | D:11     | Reached skill level 6 in Evocations
 11741 | D:11     | Killed a two-headed ogre
 11742 | D:11     | Reached skill level 3 in Shields
 11746 | D:11     | Killed a two-headed ogre
 11747 | D:11     | Killed a two-headed ogre
 11748 | D:11     | Reached skill level 11 in Shapeshifting
 12105 | D:10     | Reached XP level 12. HP: 100/100 MP: 12/12
 12443 | D:11     | Reached skill level 10 in Unarmed Combat
 12849 | D:11     | Found a staircase to the Orcish Mines.
 13335 | D:12     | Noticed a death knight
 13443 | Lair:1   | Entered Level 1 of the Lair of Beasts
 13689 | D:8      | Reached skill level 4 in Shields
 13812 | Lair:1   | Found the macabre finger necklace {Finger+ rN+}
 13818 | Lair:1   | Reached skill level 8 in Fighting
 14006 | Lair:1   | Noticed a boulder beetle
 14022 | Lair:1   | Killed a boulder beetle
 14036 | Lair:1   | Reached skill level 7 in Dodging
 14196 | Lair:1   | Reached skill level 7 in Evocations
 14918 | Lair:2   | Reached skill level 11 in Unarmed Combat
 15041 | Lair:2   | Reached skill level 12 in Shapeshifting
 15331 | Lair:2   | Reached XP level 13. HP: 64/108 MP: 13/13
 15350 | Lair:2   | Reached skill level 5 in Shields
 16313 | Lair:3   | Noticed Nessos
 16327 | Lair:3   | Killed Nessos
 17697 | Lair:3   | Reached skill level 9 in Fighting
 18065 | Lair:3   | Found a staircase to the Snake Pit.
 18477 | Lair:4   | Reached skill level 12 in Unarmed Combat
 18582 | Lair:4   | Reached skill level 8 in Evocations
 18597 | Lair:4   | Reached skill level 8 in Dodging
 18851 | Lair:4   | Reached skill level 6 in Shields
 19269 | Lair:4   | Reached skill level 13 in Shapeshifting
 19279 | Lair:4   | Gained mutation: Your tail ends in a venomous barb. [Green
                  | Draconian growth]
 19279 | Lair:4   | Reached XP level 14. HP: 82/118 MP: 14/14
 19762 | IceCv    | Identified the "Hefukej"
 19762 | Lair:5   | Entered Level 5 of the Lair of Beasts
 19925 | D:11     | Bought the ring of Ascent {Str+6 Int+2 Dex+3} for 909 gold
                  | pieces
 19925 | D:11     | Bought the ring "Lacawed" {rPois rC+++ rN+ Str-4 Int+3} for
                  | 1089 gold pieces
 20485 | Lair:5   | Found a frozen archway.
 20503 | IceCv    | Entered an ice cave
 20917 | IceCv    | Noticed a quicksilver ooze
 20923 | IceCv    | Noticed a quicksilver ooze
 21003 | IceCv    | HP: 2/119 [quicksilver ooze (10)]
 21004 | IceCv    | Drowned by a quicksilver ooze

Vanquished Creatures
  Nessos (Lair:3)
  8 two-headed ogres
  A boulder beetle (Lair:1)
  3 death yaks (Lair:4)
  A tengu warrior (D:9)
  A skyshark (Lair:3)
  An orc knight (D:11)
  A cyclops (D:11)
  2 black mambas (Lair:2)
  Joseph (D:9)
  2 ice statues (IceCv)
  A water nymph (Lair:3)
  14 cane toads
  6 elephants
  A torpor snail (Lair:1)
  4 rime drakes
  9 komodo dragons
  2 ice devils (Lair:5)
  5 polar bears
  6 trolls
  A hornet (D:9)
  Grinder (D:5)
  47 blink frogs
  12 dream sheep
  15 slime creatures
  42 yaks
  2 wraiths
  2 wyverns
  2 shadows (D:10)
  A vampire (D:11)
  A basilisk (Lair:1)
  2 steam dragons
  3 nagas (Lair:3)
  4 great orb of eyes simulacra (IceCv)
  Duvessa (D:6)
  12 water moccasins
  A sky beast (D:6)
  A black bear (D:6)
  8 ice beasts
  2 orc warriors (D:8)
  2 centaurs
  2 wolves (D:8)
  4 phantoms
  A kobold brigand (D:9)
  A slime creature simulacrum (IceCv)
  8 bullfrogs
  2 scorpions (D:5)
  13 wights
  Dowan (D:6)
  9 killer bees
  2 electric eels (Lair:3)
  7 howler monkeys
  2 jellies (D:5)
  An orc priest (D:11)
  4 hounds
  A sleepcap (D:7)
  Terence (D:2)
  4 iguanas
  4 orc wizards
  A shapeshifter simulacrum (IceCv)
  Robin (D:4)
  4 gnolls (D:4)
  6 adders
  A shadow imp (D:6)
  4 white imps
  A howler monkey simulacrum (D:9)
  2 ufetubi (D:7)
  3 worms (D:2)
  A dart slug (D:4)
  35 orcs
  3 bats
  3 endoplasms
  2 giant cockroaches (D:2)
  14 goblins
  6 hobgoblins
  14 jackals
  5 quokkas
  7 ball pythons
  2 frilled lizards (D:1)
  14 kobolds
  10 rats
438 creatures vanquished.

Vanquished Creatures (collateral kills)
  A two-headed ogre (D:11)
  3 dream sheep (Lair:1)
  An orc (D:11)
5 creatures vanquished.

Vanquished Creatures (others)
  A killer bee (D:9)
  An orc wizard (D:3)
2 creatures vanquished.

Grand Total: 445 creatures vanquished

Table legend: (Time is in decaauts)
 A = Elapsed time spent in this place.
 B = Non-inter-level travel time spent in this place.
 C = Inter-level travel time spent in this place.
 D = Time resting spent in this place.
 E = Time spent auto-exploring this place.
 F = Levels seen in this place.
 G = Mean time per level.
                   A        B        C        D        E       F      G
               +--------+--------+--------+--------+--------+-----+--------+
         Total |  20790 |  19561 |   1229 |   2254 |  13654 |  19 | 1094.2 |
       Dungeon |  13846 |  12902 |    944 |   1568 |   8992 |  12 | 1153.8 |
        Temple |      9 |      9 |      0 |      0 |      0 |   1 |    9.0 |
          Lair |   6456 |   6172 |    284 |    479 |   4551 |   5 | 1291.2 |
      Ice Cave |    478 |    478 |      0 |    207 |    111 |   1 |  478.0 |
               +--------+--------+--------+--------+--------+-----+--------+

Top non-repeatable levels by time:
  Lair:3: 2168 daAuts
    D:10: 1974 daAuts
     D:6: 1864 daAuts
  Lair:4: 1821 daAuts
     D:8: 1587 daAuts
    D:11: 1473 daAuts
     D:9: 1367 daAuts
  Lair:2: 1211 daAuts
  Lair:1: 1101 daAuts
     D:4: 1074 daAuts
     D:2: 1059 daAuts
     D:5: 946 daAuts
     D:1: 866 daAuts
     D:7: 830 daAuts
     D:3: 721 daAuts

Table legend:
 A = Non-vault XP
 B = Vault XP
 C = Vault XP percentage of total XP
 D = Non-vault monster count
 E = Vault monster count
 F = Vault count percentage of total count
                 A         B        C        D         E       F
            +---------+---------+-------+---------+---------+-------
      Total |   58315 |   18018 |  23.6 |     354 |      91 |  20.4
            +---------+---------+-------+---------+---------+-------
        D:1 |      48 |       0 |   0.0 |      31 |       0 |   0.0
        D:2 |      55 |      39 |  41.5 |      19 |       2 |   9.5
        D:3 |     122 |       0 |   0.0 |      18 |       0 |   0.0
        D:4 |     220 |      37 |  14.4 |      14 |      12 |  46.2
        D:5 |     723 |     272 |  27.3 |      18 |       1 |   5.3
        D:6 |    1492 |     209 |  12.3 |      14 |       2 |  12.5
        D:7 |     729 |     315 |  30.2 |      14 |       1 |   6.7
        D:8 |    3104 |    2244 |  42.0 |      21 |      14 |  40.0
        D:9 |    3220 |    1336 |  29.3 |      25 |       4 |  13.8
       D:10 |    4333 |       0 |   0.0 |      22 |       0 |   0.0
       D:11 |    4808 |    3992 |  45.4 |      17 |      23 |  57.5
       D:12 |     234 |       0 |   0.0 |       1 |       0 |   0.0
     Temple |     133 |       0 |   0.0 |       1 |       0 |   0.0
     Lair:1 |    5493 |     829 |  13.1 |      21 |       1 |   4.5
     Lair:2 |    5180 |     560 |   9.8 |      16 |       2 |  11.1
     Lair:3 |    6547 |    3057 |  31.8 |      24 |      10 |  29.4
     Lair:4 |   18578 |       0 |   0.0 |      65 |       0 |   0.0
     Lair:5 |    2840 |     666 |  19.0 |      11 |       2 |  15.4
      IceCv |     456 |    4462 |  90.7 |       2 |      17 |  89.5
            +---------+---------+-------+---------+---------+-------
